 Dungeon Crawl Stone Soup version 0.27.1-4-g1640c2035a (webtiles) character file.

Game seed: 7526248536864500579

964 Urokeeper the Basher (level 7, -3/62 HPs)
             Began as a Minotaur Berserker on Nov 8, 2021.
             Was a Believer of Trog.
             Slain by an orc warrior (20 damage)
             ... on level 5 of the Dungeon.
             The game lasted 00:16:51 (4591 turns).

Urokeeper the Basher (Minotaur Berserker)           Turns: 4591, Time: 00:16:52

Health: -3/62      AC:  6    Str: 22 (23) XL:     7   Next: 93%
Magic:  6/6        EV: 11    Int:  2 (4)  God:    Trog [**....]
Gold:   262        SH:  0    Dex:  8 (10) Spells: 6/6 levels left

rFire    . . .     SeeInvis .   q - +0 flail
rCold    . . .     Faith    .   (no shield)
rNeg     . . .     Spirit   .   d - +0 ring mail
rPois    .         Reflect  .   (helmet restricted)
rElec    .         Harm     .   (no cloak)
rCorr    .         Rampage  .   (no gloves)
Will     ++...                  (no boots)
Stlth    ..........             (no amulet)
HPRegen  1.20/turn              (no ring)
MPRegen  0.10/turn              (no ring)

@: strong-willed, regenerating
A: horns 2, retaliatory headbutt
a: Renounce Religion, Berserk, Trog's Hand


You were on level 5 of the Dungeon.
You worshipped Trog.
Trog was pleased with you.
You visited 1 branch of the dungeon, and saw 5 of its levels.
You also visited: Sewer.

You collected 262 gold pieces.

Inventory:

Hand Weapons
 a - a +0 mace
 q - a +0 flail (weapon)
Missiles
 p - 24 poisoned darts
Armour
 b - a +0 animal skin
 d - a +0 ring mail (worn)
Wands
 s - a wand of iceblast (6) (quivered)
Scrolls
 h - 2 scrolls of noise
 i - 2 scrolls of teleportation
 o - a scroll of brand weapon {unknown}
 r - a scroll of vulnerability {unknown}
Potions
 c - a potion of curing {unknown}
 e - 2 potions of lignification
 f - 2 potions of magic
 k - 2 potions of degeneration
 l - a potion of invisibility
 n - a potion of cancellation


   Skills:
 + Level 5.6 Fighting
 + Level 8.2 Maces & Flails
 + Level 5.9 Armour
 + Level 4.2 Dodging
 + Level 0.1 Stealth
 + Level 0.1 Evocations


You had 6 spell levels left.
You didn't know any spells.
Your spell library was empty.

Dungeon Overview and Level Annotations

Branches:
Dungeon (5/15)              Sewer (visited)
 Temple: D:4-7

Altars:
Cheibriados
Kikubaaqudgha
Nemelex Xobeh
Vehumet
Wu Jian

Shops:
D:4 *


Innate Abilities, Weirdness & Mutations

You have a pair of horns on your head.
You reflexively headbutt those who attack you in melee.


Message History

You hit the scorpion but do no damage. Your headbutt misses the scorpion.
The scorpion is heavily wounded.
The scorpion barely misses you.
You barely miss the scorpion.
The scorpion is heavily wounded.
The scorpion closely misses you.
You completely miss the scorpion.
The scorpion is heavily wounded.
The scorpion closely misses you.
You hit the scorpion.
The scorpion is almost dead.
The scorpion closely misses you. x2
You sock the scorpion!
You kill the scorpion!
Trog accepts your kill.
You feel your strength returning.
Your Maces & Flails skill increases to level 8!
No target in view!
You see here a scorpion corpse.
Found a snail-covered altar of Cheibriados.
There is a snail-covered altar of Cheibriados here.
You see here a scorpion corpse.
There is an open door here.
The orc warrior shouts!
The orc warrior hits you with a +0 halberd!
You closely miss the orc warrior.
The orc warrior hits you with a +0 halberd!
You sock the orc warrior!
The orc warrior is moderately wounded.
The orc warrior hits you with a +0 halberd!
You are too injured to fight recklessly!
Unknown command.
Your skin crawls.
You feel strong-willed.
The orc warrior hits you with a +0 halberd!
* * * LOW HITPOINT WARNING * * *
You hit the orc warrior.
The orc warrior is heavily wounded.
The orc warrior hits you with a +0 halberd!!
You die...

#....#.# ##.## ###.#.##.#
#..# #§){#.)..# #..######
############ #..##...#
##..###..# #..##...#
##.##.##.##########...#...###
#_#.##.##.#†'.......#:......#
####.##.##.###..............#
#..###..####@......#......#
#### ####.##o.............#
#....###)#####.......#
#####....<# ##...#####
#.###.# #....## #...#.#
#.....# ###.#.# #.....#
#...#.# #.....# #.###.#
#.†...##


You could see an orc warrior.

Vanquished Creatures
  A hornet (D:5)
  A water moccasin (Sewer)
  An ogre (D:4)
  A phantom (D:4)
  Blork the orc (D:4)
  A scorpion (D:5)
  2 hounds
  2 orc priests (D:5)
  A jelly (D:4)
  3 orc wizards
  5 adders
  3 worms (D:4)
  3 orcs
  6 ball pythons
  5 endoplasms
  4 giant cockroaches
  9 hobgoblins
  2 jackals (Sewer)
  14 kobolds
  3 quokkas
  6 bats
  2 frilled lizards (D:1)
  5 goblins
  3 rats
84 creatures vanquished.

Vanquished Creatures (collateral kills)
  A hound (D:5)
  A white imp (D:5)
2 creatures vanquished.

Grand Total: 86 creatures vanquished

Notes
Turn   | Place    | Note
-------+----------+-------------------------------------------
     0 | D:1      | Urokeeper the Minotaur Berserker began the quest for the
                  | Orb.
     0 | D:1      | Reached XP level 1. HP: 19/19 MP: 0/0
   111 | D:1      | Reached skill level 4 in Maces & Flails
   111 | D:1      | Reached XP level 2. HP: 24/27 MP: 1/1
   679 | D:1      | Reached XP level 3. HP: 30/33 MP: 2/2
   974 | D:2      | Found a faded altar of an unknown god.
  1089 | D:2      | Reached ** piety under Trog
  1540 | D:3      | Found a radiant altar of Vehumet.
  1549 | D:3      | Reached XP level 4. HP: 41/41 MP: 3/3
  1939 | D:4      | Found a glowing drain.
  1953 | Sewer    | Entered a sewer
  1963 | Sewer    | Reached skill level 5 in Maces & Flails
  2068 | Sewer    | Noticed a water moccasin
  2079 | Sewer    | Killed a water moccasin
  2080 | Sewer    | Reached skill level 5 in Fighting
  2080 | Sewer    | Reached XP level 5. HP: 48/48 MP: 4/4
  2303 | D:4      | Reached XP level 6. HP: 26/56 MP: 5/5
  2577 | D:4      | Reached skill level 6 in Maces & Flails
  2814 | D:4      | Found an ornate altar of the Wu Jian Council.
  2954 | D:4      | Found Diren's CLEARANCE SALE! EVERYTHING MUST GO!.
  2968 | D:4      | Noticed Blork the orc
  2976 | D:4      | Killed Blork the orc
  2977 | D:4      | Reached skill level 5 in Armour
  3384 | D:4      | Found a sparkling altar of Nemelex Xobeh.
  3410 | D:4      | Found an ancient bone altar of Kikubaaqudgha.
  3458 | D:4      | Reached XP level 7. HP: 61/61 MP: 6/6
  3688 | D:5      | Entered Level 5 of the Dungeon
  3809 | D:5      | Noticed a hornet
  3851 | D:5      | Reached skill level 7 in Maces & Flails
  3861 | D:5      | Paralysed by a hornet for 3 turns
  3881 | D:5      | Killed a hornet
  4547 | D:5      | Reached skill level 8 in Maces & Flails
  4562 | D:5      | Found a snail-covered altar of Cheibriados.
  4591 | D:5      | Slain by an orc warrior

Illustrated notes

Levels and vault maps discovered:
D:1:      evilmike_arrival_fibonacci_small, layout_basic,
          chequers_serial_rivers_micro_b, minmay_tromino_v4_c
D:2:      layout_loops_ring, basic_ecumenical_altar
D:3:      layout_rooms, nicolae_vehumet_altar_sigil
D:4:      layout_basic, nicolae_wu_jian_wuxing_cycle,
          lemuel_coloured_pillars_altar, mainiacjoe_overflow_24_doors,
          cheibrodos_sewer_entry_sluice, nicolae_shop_clearance,
          uniq_blork_the_orc
D:5:      layout_basic, marbit_many_paths, minmay_temple_entry_nine_rooms

Skill      XL: |  1  2  3  4  5  6  7 |
---------------+----------------------+-----
Maces & Flails | 4 5 6 8 |  8.2
Fighting       | 4 5 |  5.6
Armour         | 3 4 5 |  5.9
Dodging        | 3 4 |  4.2
Stealth        | |  0.1
Evocations     | |  0.1

Action                   |  1- 3 |  4- 6 |  7- 9 || total
-------------------------+-------+-------+-------++-------
Melee: Mace              |    77 |    76 |       ||   153
       Headbutt          |     8 |    12 |     6 ||    26
       Flail             |       |       |    48 ||    48
Invok: Berserk           |       |     4 |     3 ||     7
       Trog's Hand       |       |       |     4 ||     4
Evoke: Wand              |       |       |     3 ||     3
  Use: Scroll            |     5 |     2 |     3 ||    10
       Potion            |       |       |     7 ||     7
Armor: Ring mail         |    29 |    18 |     5 ||    52
       Skin              |       |       |    20 ||    20
Dodge: Dodged            |    54 |    41 |    28 ||   123
